Map: Chantier naval orbital

Players

Yumey - Winner!

  • Race: Terran Terran
  • League: Platinum

Worming

  • Race: Zerg Zerg
  • League: Diamond

VOD

Have the link to the VOD?

Description

Time

  • Played on: Nov. 13, 2015, 4:42 p.m.
  • Length: 12:15
Show
View Real Time Build Order
Export as new Build Order

Yumey Terran - Winner!

Build Orders: Reaper Expand, MMM Bio 

Get SALT Encoding   

  12  0:01  SCV  
  13  0:13  SCV  
  14  0:17  Supply Depot  
  14  0:25  SCV  
  15  0:39  SCV  
  15  0:42  Barracks  
  16  0:45  Refinery  
  16  0:52  SCV  
  17  1:04  SCV  
  18  1:16  SCV  
  19  1:29  Reaper  
  20  1:38  Orbital Command  
  20  1:44  Command Center  
  20  2:02  Barracks Reactor, Supply Depot  
  20  2:05  SCV  
  21  2:17  SCV  
  22  2:26  Factory  
  22  2:29  SCV  
  23  2:40  Marine x2  
  23  2:42  SCV  
  26  2:55  SCV  
  26  2:58  Marine x2  
  28  2:59  Command Center  
  28  3:02  Orbital Command  
  29  3:10  Starport  
  29  3:12  SCV  
  30  3:21  Factory Reactor  
  30  3:25  SCV  
  31  3:34  Barracks  
  31  3:35  Barracks Tech Lab  
  31  3:36  Barracks  
  31  3:40  SCV  
  31  3:41  Refinery  
  32  3:44  SCV  
  33  4:01  SCV x2  
  33  4:02  Marine  
  36  4:04  Stimpack  
  36  4:13  SCV x2  
  36  4:15  Supply Depot  
  38  4:20  Liberator  
  38  4:22  Orbital Command  
  38  4:25  SCV x2  
  38  4:29  Marine x2  
  38  4:30  Marine  
  38  4:31  Marine x2  
  43  4:37  SCV  
  49  4:43  SCV  
  50  4:47  Marine  
  50  4:49  SCV  
  50  4:51  Marine x4  
  50  4:52  Factory Reactor  
  56  4:55  SCV  
  56  4:58  Refinery  
  56  4:59  Refinery  
  56  5:00  Orbital Command  
  56  5:01  SCV  
  56  5:03  Supply Depot  
  56  5:05  Marine  
  60  5:07  SCV  
  60  5:09  Barracks  
  60  5:11  Barracks  
  60  5:12  Marine  
  60  5:13  SCV, Marine x3  
  64  5:15  Liberator  
  64  5:17  Engineering Bay  
  65  5:21  SCV  
  65  5:22  Engineering Bay  
  65  5:25  SCV  
  69  5:36  SCV x2  
  69  5:38  SCV  
  72  5:48  SCV x2  
  74  5:50  Supply Depot x2, SCV  
  74  5:51  Terran Infantry Weapons Level 1, Terran Infantry Armor Level 1  
  74  5:53  Marine x2  
  77  6:06  Supply Depot  
  77  6:07  Supply Depot  
  77  6:08  Combat Shields, Barracks Reactor x2  
  77  6:11  SCV, Marine x2  
  77  6:13  Widow Mine x2  
  77  6:15  Medivac  
  81  6:27  Marine x3  
  81  6:29  Marine x2  
  86  6:34  SCV x3  
  86  6:39  Supply Depot  
  89  6:40  Supply Depot  
  89  6:45  Marine  
  89  6:46  SCV x2, Marine x6  
  89  6:47  Marine x2, SCV  
  101  6:56  Factory Reactor, Armory  
  101  6:58  SCV x2  
  101  6:59  SCV  
  104  7:02  Marine  
  104  7:04  Marine  
  101  7:14  Marine  
  101  7:15  Marine x6  
  108  7:16  SCV x3  
  111  7:23  Command Center  
  111  7:24  Marine  
  111  7:28  SCV x3  
  111  7:29  Supply Depot  
  115  7:30  Supply Depot  
  115  7:31  Refinery, Supply Depot, Marine  
  115  7:33  Medivac x2, Widow Mine x2  
  124  7:44  Marine  
  124  7:48  Terran Infantry Armor Level 2, Terran Infantry Weapons Level 2  
  124  7:50  Marine x8, Concussive Shells  
  133  8:02  Marine  
  134  8:05  Supply Depot  
  134  8:06  Medivac, Supply Depot  
  134  8:07  Medivac, Supply Depot  
  134  8:08  Marine  
  134  8:11  Marine  
  134  8:12  Marine x4  
  146  8:13  Marauder  
  146  8:19  Liberator x2  
  146  8:20  Widow Mine  
  146  8:21  Starport  
  146  8:25  Marine  
  146  8:26  Widow Mine  
  149  8:32  Marine x5  
  149  8:33  Supply Depot  
  158  8:34  Marauder  
  164  8:47  Marine  
  162  8:51  Marine  
  162  8:52  Marine x6  
  162  8:55  Marine  
  166  9:02  Liberator x2  
  155  9:05  Marine  
  155  9:06  Widow Mine x2  
  155  9:09  Marine x5  
  159  9:15  SCV  
  167  9:27  SCV  
  167  9:28  Marine x9  
  172  9:39  SCV  
  164  9:46  Marine  
  164  9:47  Marine x7, Marauder  
  164  9:51  SCV  
  163  10:03  SCV  
  163  10:04  Marine  
  165  10:08  Marauder  
  165  10:13  Liberator x2  
  167  10:20  SCV x2  
  169  10:27  Marine x8  
  169  10:28  Widow Mine x2  
  169  10:29  Marine  
  169  10:32  Starport Tech Lab  
  180  10:44  Marine  
  180  10:45  Marine x4  
  180  10:47  Marauder  
  187  10:52  Marine  
  188  11:01  Marine  
  189  11:09  Marauder  
  191  11:18  Marine  
  191  11:19  Marine x4  
  191  11:20  Planetary Fortress  
  191  11:25  Marine  
  196  11:26  Marine x2  
  196  11:30  Marine  
  190  11:35  Medivac x2  
  190  11:36  Marine  
  190  11:37  Widow Mine, Marine x3  
  190  11:38  Widow Mine  
  191  11:45  Marine  
  191  11:46  Marine x3  
  187  11:55  Marine  
  187  12:00  SCV  
  187  12:01  SCV x2  
Show
View Real Time Build Order
Export as new Build Order

Worming Zerg 

Build Orders: Hatch First, Lurkers 

Get SALT Encoding   

  12  0:01  Drone  
  13  0:13  Overlord  
  13  0:17  Drone  
  14  0:31  Drone x2  
  16  0:36  Drone  
  17  0:46  Drone  
  18  0:56  Hatchery  
  17  1:00  Drone  
  18  1:12  Spawning Pool  
  18  1:15  Drone  
  18  1:19  Drone  
  19  1:38  Hatchery  
  18  1:41  Drone  
  19  1:59  Queen  
  19  2:00  Zergling x2  
  22  2:02  Overlord  
  22  2:07  Extractor  
  21  2:13  Queen, Drone  
  24  2:22  Drone x2  
  26  2:24  Drone  
  27  2:33  Extractor  
  26  2:43  Queen  
  29  2:44  Drone  
  29  2:45  Drone x3  
  33  2:56  Queen  
  35  3:00  Zergling x4  
  35  3:01  Drone  
  38  3:12  Metabolic Boost, Roach Warren  
  37  3:18  Drone x2  
  39  3:22  Drone x2  
  41  3:31  Drone  
  42  3:36  Overlord  
  42  3:37  Overlord  
  42  3:43  Overlord  
  42  4:04  Drone x2  
  42  4:06  Overlord  
  42  4:07  Roach x2  
  42  4:08  Roach x2  
  42  4:09  Drone x2  
  54  4:10  Drone x5  
  54  4:13  Drone x2  
  61  4:22  Drone  
  61  4:23  Drone x3  
  65  4:27  Extractor x2  
  65  4:28  Roach  
  65  4:42  Drone  
  65  4:43  Drone x2  
  65  4:44  Drone  
  69  4:46  Drone x5  
  69  4:47  Overlord x2  
  69  4:49  Extractor  
  73  5:02  Drone  
  73  5:03  Overlord x2  
  73  5:04  Lair  
  74  5:08  Evolution Chamber  
  74  5:09  Evolution Chamber  
  74  5:11  Drone x2, Extractor x2  
  74  5:12  Drone x2  
  74  5:13  Drone x2  
  76  5:16  Overlord  
  76  5:20  Drone  
  76  5:21  Overlord  
  77  5:23  Ravager x3  
  77  5:25  Zergling x8  
  77  5:26  Zergling x2  
  85  5:34  Zerg Missile Weapons Level 1  
  85  5:42  Zerg Ground Armor Level 1  
  84  5:43  Drone x4  
  84  5:44  Drone x4  
  92  5:57  Pneumatized Carapace  
  92  6:00  Overlord  
  92  6:20  Hatchery  
  87  6:28  Glial Reconstitution  
  87  6:32  Hydralisk Den  
  86  6:45  Ravager x2  
  86  6:46  Overlord x2  
  88  6:47  Zergling x2  
  88  6:48  Zergling x30  
  88  6:50  Drone x6  
  110  6:57  Burrow  
  110  6:59  Drone  
  111  7:01  Evolution Chamber  
  110  7:11  Overlord, Overseer  
  110  7:18  Drone x13  
  123  7:26  Lurker Den  
  123  7:27  Zerg Melee Weapons Level 1  
  123  7:28  Infestation Pit  
  122  7:33  Hydralisk x2  
  122  7:34  Hydralisk  
  122  7:36  Zergling x2  
  129  7:40  Extractor x2  
  127  7:46  Tunneling Claws  
  127  7:52  Zerg Missile Weapons Level 2, Zerg Ground Armor Level 2  
  127  7:53  Hydralisk x5  
  127  7:54  Zergling x2  
  127  7:55  Zergling x10  
  143  8:02  Drone x2  
  143  8:03  Drone  
  146  8:07  Spine Crawler  
  146  8:08  Hive  
  146  8:09  Zergling x2  
  146  8:10  Zergling x4  
  148  8:15  Queen  
  149  8:26  Roach  
  151  8:28  Overlord x2  
  151  8:29  Overlord x4  
  131  9:04  Lurker x7  
  131  9:05  Lurker  
  131  9:07  Overseer x2  
  126  9:13  Roach  
  126  9:14  Zergling x2, Roach x11  
  126  9:15  Zergling x4  
  93  9:54  Drone x3  
  93  9:55  Drone x3  
  99  10:02  Adrenal Glands  
  99  10:03  Ultralisk Cavern  
  98  10:09  Overseer  
  95  10:19  Hatchery  
  94  10:36  Zergling x2  
  94  10:37  Zergling x20  
  94  10:42  Hatchery  
  104  10:49  Chitinous Plating  
  104  10:53  Zergling x12  
  95  11:02  Zergling x4, Ultralisk  
  100  11:12  Roach x2  
  95  11:20  Ultralisk  
  95  11:21  Zergling x6  
  94  11:37  Zergling x4  
  94  11:38  Zergling x4  
  90  11:51  Zergling x8  
  90  11:52  Zergling x6  
  68  12:02  Drone x3  
  69  12:08  Extractor  
  69  12:10  Extractor  
Tags
 
Add a new tag
Caveats
  • Supply blocks, unpowered buildings, or Contaminate may cause inaccurate times.
  • Supply counts are checked every 10 seconds.